 Dungeon Crawl Stone Soup version 0.27.0-65-ge2af304b15 (webtiles) character file.

Game seed: 12485756126087546512

135 Amplified the Gusty (level 4, -1/39 HPs)
             Began as a Demigod Air Elementalist on Aug 18, 2021.
             Slain by an orc (6 damage)
             ... on level 3 of the Dungeon.
             The game lasted 00:03:55 (3549 turns).

Amplified the Gusty (Demigod Air Elementalist)      Turns: 3549, Time: 00:03:56

Health: -1/39      AC:  4    Str: 13    XL:     4   Next: 65%
Magic:  1/10       EV: 12    Int: 17    God:
Gold:   146        SH:  0    Dex: 14    Spells: 5/8 levels left

rFire    + . .     SeeInvis .   l - +0 lajatang
rCold    . . .     Faith    .   (shield currently unavailable)
rNeg     . . .     Spirit   .   a - +0 robe
rPois    .         Reflect  .   c - +0 helmet
rElec    .         Harm     .   (no cloak)
rCorr    .         Rampage  .   g - +0 pair of gloves
Will     .....                  (no boots)
Stlth    ++........             (no amulet)
HPRegen  1.13/turn              d - ring of protection from fire
MPRegen  0.12/turn              (no ring)

@: mighty, lethally poisoned (-1 -> -4), very slightly contaminated
A: high mp 1, forlorn, regeneration 1, robust 1
a: no special abilities


You were on level 3 of the Dungeon.
You visited 1 branch of the dungeon, and saw 4 of its levels.

You collected 146 gold pieces.

Inventory:

Hand Weapons
 b - a +0 war axe
 l - a +0 lajatang (weapon)
Missiles
 e - a throwing net
 h - 2 atropa-tipped darts
Armour
 a - a +0 robe (worn)
 c - a +0 helmet (worn)
 g - a +0 pair of gloves (worn)
Jewellery
 d - a ring of protection from fire (left hand)
Scrolls
 j - a scroll of teleportation {unknown}
Potions
 f - 2 potions of mutation


   Skills:
 * Level 1.8 Fighting
 * Level 0.4 Staves
 - Level 1.7 Dodging
 - Level 1.7 Stealth
 * Level 2.6 Spellcasting
 * Level 2.1 Conjurations
 * Level 3.4 Air Magic


You had 5 spell levels left.
You knew the following spells:

 Your Spells              Type           Power      Damage    Failure   Level
a - Shock                 Conj/Air       44%        1d5       6%          1
b - Static Discharge      Conj/Air       11%        N/A       9%          2

Your spell library contained the following spells:

 Spells                   Type           Power      Damage    Failure   Level
 Swiftness                Air            13%        N/A       14%         3
 Airstrike                Air            6%         N/A       41%         4


Dungeon Overview and Level Annotations

Branches:
Dungeon (4/15)
 Temple: D:4-7


Innate Abilities, Weirdness & Mutations

Your attributes grow dramatically as you level up.
You have an increased reservoir of magic. (+10% MP)
You shall have no god before yourself.
Your natural rate of healing is unusually fast.
You are robust. (+10% HP)


Message History

Unknown command.
Casting: Static Discharge (safe; 9% risk of failure)
Confirm with . or Enter, or press ? or * to list all spells.
The orc priest is struck by an arc of lightning!
The orc priest is almost dead.
You are struck by an arc of lightning.
The lightning grounds out.
The orc priest hits you but does no damage.
You are poisoned.
Unknown command.
Unknown command.
Casting: Static Discharge (safe; 9% risk of failure)
Confirm with . or Enter, or press ? or * to list all spells.
You miscast Static Discharge.
You are very lightly contaminated with residual magic.
Nothing appears to happen.
You feel very sick.
The orc priest calls down the wrath of Beogh upon you.
Beogh smites you!
Unknown command.
You hit the orc priest but do no damage.
The orc priest is almost dead.
You feel very sick.
The orc priest hits you but does no damage.
You are more poisoned.
Unknown command.
Casting: Static Discharge (safe; 9% risk of failure)
Confirm with . or Enter, or press ? or * to list all spells.
The orc priest is struck by an arc of lightning.
You kill the orc priest!
The lightning grounds out.
* * * LOW HITPOINT WARNING * * *
You feel very sick.
An orc wizard comes into view. It is wielding a +0 dagger.
Unknown command.
* * * LOW HITPOINT WARNING * * *
You feel very sick.
It was a potion of might.
You feel very mighty all of a sudden.
You feel sick. The orc hits you with a +0 hand axe.
You die...

.. #. #. ## #.###.
#.#.. #...#
#.####..# #####
#.<..oo.## #†..#
....####@.####.>.#
o ##........#
######...# #...#
####...###.#
##..........#
#.[###.######
#..###.# ##
##...#)#


You could see 2 orcs.

Vanquished Creatures
  An orc priest (D:3)
  Robin (D:2)
  4 gnolls (D:2)
  A worm (D:2)
  4 orcs
  6 ball pythons
  2 endoplasms (D:1)
  4 hobgoblins
  A jackal (D:1)
  2 kobolds
  5 bats
  3 frilled lizards (D:1)
  11 goblins
  7 rats
52 creatures vanquished.

Notes
Turn   | Place    | Note
-------+----------+-------------------------------------------
     0 | D:1      | Amplified the Demigod Air Elementalist began the quest for
                  | the Orb.
     0 | D:1      | Reached XP level 1. HP: 14/14 MP: 5/5
   327 | D:1      | Reached skill level 1 in Conjurations
   667 | D:1      | Reached XP level 2. HP: 22/22 MP: 7/7
  1518 | D:2      | Reached skill level 1 in Fighting
  1518 | D:2      | Reached skill level 3 in Air Magic
  1620 | D:2      | Learned a level 2 spell: Static Discharge
  1629 | D:2      | Reached XP level 3. HP: 17/28 MP: 3/8
  1800 | D:2      | Noticed Robin
  1812 | D:2      | Killed Robin
  2747 | D:2      | Reached XP level 4. HP: 24/35 MP: 6/10
  3101 | D:2      | You fall into a shaft and drop 2 floors!
  3539 | D:3      | Gained mutation: Your natural rate of healing is unusually
                  | fast. [potion of mutation]
  3539 | D:3      | Gained mutation: You are robust. (+10% HP) [potion of
                  | mutation]
  3549 | D:3      | Slain by an orc

Illustrated notes

Levels and vault maps discovered:
D:1:      dpeg_cavernosity, layout_loops_ring
D:2:      layout_loops_ring, basic_ecumenical_altar, uniq_robin
D:3:      layout_rooms, kennysheep_generic_room_2
D:4:      layout_basic, mainiacjoe_overflow_concentric_impassable,
          kennysheep_generic_room_11

Skill      XL: |  1  2  3 |
---------------+----------+-----
Conjurations   | 1 2 |  2.1
Spellcasting   | 2 |  2.6
Fighting       | 1 |  1.8
Air Magic      | 3 |  3.4
Staves         | |  0.4
Dodging        | |  1.7
Stealth        | |  1.7

Action                   |  1- 3 |  4- 6 || total
-------------------------+-------+-------++-------
Melee: War axe           |   104 |    18 ||   122
       Lajatang          |       |     9 ||     9
 Cast: Shock             |     6 |     2 ||     8
       Static Discharge  |     8 |     5 ||    13
  Use: Scroll            |     2 |       ||     2
       Potion            |     1 |     3 ||     4
 Stab: Sleeping          |     9 |     1 ||    10
Armor: Robe              |    38 |     8 ||    46
Dodge: Dodged            |    95 |    20 ||   115
